 Dungeon Crawl Stone Soup version 0.32-a0-589-g2d1f746d5d (webtiles) character file.

Game seed: 14617572791108273978

9004 seren the Carver (level 11, -5/84 HPs)
             Began as a Coglin Gladiator on Mar 2, 2024.
             Was an Initiate of Gozag.
             Slain by a wraith (9 damage)
             ... on level 10 of the Dungeon.
             The game lasted 00:28:09 (10038 turns).

seren the Carver (Coglin Gladiator)                Turns: 10038, Time: 00:28:10

Health: -5/84      AC: 13    Str: 16    XL:     11   Next: 39%
Magic:  11/11      EV: 13    Int: 12    God:    Gozag
Gold:   1014       SH:  0    Dex: 17    Spells: 10/10 levels left

rFire   + . .        a - +2 scimitar (flame) {Sarina}
rCold   + . .        j - +6 short sword of Kindness {freeze, rF+ rC+ Will+}
rNeg    . . .        C - +1 scale mail {rPois}
rPois   +            J - +1 helmet {Int+3}
rElec   .            t - +0 cloak
rCorr   .            (no gloves)
SInv    .            K - +0 pair of boots
Will    +....        (amulet unavailable) Stlth
                     (ring unavailable)
HPRegen 0.34/turn    (ring unavailable)
MPRegen 0.12/turn    (no gizmo)

%: no passive effects
@: slowed, very slow
A: off-hand wielding, slow wielding, warmup strikes, no jewellery
a: Invent Gizmo, Renounce Religion, Potion Petition, Call Merchant, Bribe Branch


You were on level 10 of the Dungeon.
You worshipped Gozag.
Gozag was most pleased with you.
You visited 2 branches of the dungeon, and saw 12 of its levels.

You collected 1496 gold pieces.
You spent 400 gold pieces at shops.
You paid 82 gold pieces to Gozag.

Inventory:

Hand Weapons
 a - a +2 scimitar of flaming (weapon) {Sarina}
 j - the +6 short sword of Kindness (offhand) {freeze, rF+ rC+ Will+}
   (You found it on level 11 of the Dungeon)

   rF+:       It protects you from fire.
   rC+:       It protects you from cold.
   Will+:     It increases your willpower.
 m - a +3 dagger of flaming {Inés}
Missiles
 d - 3 throwing nets (quivered) {!f}
 e - 5 javelins
 h - 37 poisoned darts
 v - 4 boomerangs
Armour
 t - a +0 cloak (worn)
 C - a +1 scale mail of poison resistance (worn)
 J - a +1 helmet of intelligence (worn)
 K - a +0 pair of boots (worn)
Talismans
 u - a maw talisman
Wands
 p - a wand of mindburst (5)
 y - a wand of warping (3)
 E - a wand of flame (15)
 F - a wand of light (2)
Scrolls
 f - 2 scrolls of fog
 k - 2 scrolls of poison
 l - 3 scrolls of enchant weapon
 n - 2 scrolls of blinking {unknown}
 r - 3 scrolls of vulnerability
 s - 2 scrolls of fear
 w - 2 scrolls of enchant armour
 z - 2 scrolls of teleportation {unknown}
Potions
 b - 2 potions of ambrosia
 c - 3 potions of mutation {!q}
 g - a potion of enlightenment
 i - a potion of invisibility
 o - a potion of curing {unknown}
 q - 3 potions of lignification
 x - 2 potions of heal wounds
 B - a potion of brilliance {unknown}
 I - 3 potions of magic


   Skills:
 + Level 7.4 Fighting
 + Level 9.5 Long Blades
 - Level 6.0 Throwing
 + Level 6.6 Armour
 + Level 7.1 Dodging
 + Level 7.1 Evocations


You had 10 spell levels left.
You didn't know any spells.
Your spell library contained the following spells:

 Spells                   Type           Power      Damage    Failure   Level
 Sandblast                Erth           0%         2d4       71%         1
 Static Discharge         Conj/Air       0%         3-3/arc   85%         2
 Sublimation of Blood     Necr           0%         N/A       85%         2
 Ozocubu's Armour         Ice            0%         N/A       97%         3
 Passwall                 Erth           0%         N/A       97%         3
 Stone Arrow              Conj/Erth      0%         3d7       97%         3
 Airstrike                Air            0%         2d(0-16)  100%        4
 Brom's Barrelling Bould  Conj/Erth      0%         2d3       100%        4
 Petrify                  Alch/Erth      0%         N/A       100%        4
 Summon Lightning Spire   Summ/Air       0%         N/A       100%        4
 Irradiate                Conj/Alch      0%         3d11      100%        5
 Metabolic Englaciation   Hex/Ice        0%         N/A       100%        5
 Sculpt Simulacrum        Ice/Alch       0%         N/A       100%        6


Dungeon Overview and Level Annotations

Branches:
Dungeon (11/15)            Temple (1/1) D:6             Orc (0/2) D:11
   Lair: D:8-11

Altars:
Ashenzari
Cheibriados
Dithmenos
Elyvilon
Fedhas
Gozag
Hepliaklqana
Kikubaaqudgha
Makhleb
Nemelex Xobeh
Okawaru
Qazlal
Ru
Sif Muna
Trog
Uskayaw
Vehumet
Wu Jian
Xom
Yredelemnul
Zin
The Shining One
Lugonu

Shops:
D:4 [   D:11 [[

Portals:
Trove: D:11 (give +3 fire dragon scales)

Annotations:
D:4 1 runed translucent door, Martiln's ghost, amateur GrFi
D:6 need digging for books, Jeremiah


Innate Abilities, Weirdness & Mutations

You can wield a second weapon in your off-hand.
It takes a long time for you to wield or remove held weapons.
Your first few attacks do less damage.
You cannot equip rings or amulets.


Message History

* * * LOW HITPOINT WARNING * * *
The wraith hits you.
* * * LOW HITPOINT WARNING * * *
The wraith drains your vigour!
You feel yourself slow down. The wyvern barely misses you.
The wyvern closely misses you. The wyvern attacks as it pursues you!
The wyvern bites you but does no damage.
The wraith attacks as it pursues you! The wraith hits you but does no damage.
The wyvern closely misses you. The wraith misses you.
The komodo dragon attacks as it pursues you!
The komodo dragon barely misses you. The wyvern bites you!
* * * LOW HITPOINT WARNING * * *
The wraith closely misses you. The wyvern bites you!
* * * LOW HITPOINT WARNING * * *
The wraith hits you.
* * * LOW HITPOINT WARNING * * *
The wyvern bites you.
* * * LOW HITPOINT WARNING * * *
The komodo dragon bites you!
* * * LOW HITPOINT WARNING * * *
The wyvern barely misses you. The yak attacks as it pursues you!
The yak closely misses you. The wraith hits you but does no damage.
The wyvern barely misses you.
There is a stone staircase leading up here.
The wyvern misses you. The yak barely misses you. The wraith hits you.
* * * LOW HITPOINT WARNING * * *
The wraith drains your vigour!
You feel as though you will be slow longer.
The wyvern bites you!
* * * LOW HITPOINT WARNING * * *
The yak gores you.
* * * LOW HITPOINT WARNING * * *
You climb upwards.
There is a stone staircase leading down here.
As you read the scroll of fear, it crumbles to dust.
You assume a fearsome visage.
The wraith is unaffected.
The wyvern looks frightened!
The yak looks frightened!
The wraith hits you but does no damage. The wraith hits you!
You die...
Your body crumbles into a pile of gold.

#...# ####### ####.##
###.# #### #.# #.# #..#
#.# #.# #..# #.#
####.#### #..# #.#
#.......# #>.########.##
#.##.##.###.............
#.##..W..Y..########....
#.#####@##### #.###
#...k...# #.##.
######### #.##. #....
#.... #.##. #.##. #.##.
#.)..


You could see a yak (fleeing), a wraith and a wyvern (fleeing).

Vanquished Creatures
  Erica (D:8)
  A two-headed ogre (D:10)
  Pikel (D:8)
  A manticore (D:11)
  Joseph (D:8)
  An unseen horror (D:10)
  A komodo dragon (D:10)
  2 trolls
  Prince Ribbit (D:6)
  Grinder (D:3)
  A hornet (D:10)
  A shadow (D:9)
  A wraith (D:10)
  4 yaks (D:10)
  A vampire (D:11)
  Eustachio (D:4)
  A steam dragon (D:8)
  A water moccasin (D:8)
  3 orc warriors
  3 ice beasts
  2 sky beasts (D:8)
  An ogre (D:7)
  8 centaurs
  A lemure (D:8)
  A phantom (D:5)
  3 kobold brigands
  5 bullfrogs
  A gnoll sergeant (D:10)
  3 scorpions
  7 wights
  5 killer bees (D:8)
  A howler monkey (D:6)
  3 bombardier beetles
  A jelly (D:6)
  2 orc priests (D:9)
  3 hounds
  2 iguanas
  Natasha (thrice) (D:3)
  5 orc wizards
  Robin (D:2)
  6 gnolls
  7 adders
  2 shadow imps
  A white imp (D:5)
  4 ufetubi (D:6)
  2 dart slugs
  2 ribbon worms (D:2)
  27 orcs
  6 ball pythons
  3 bats
  3 endoplasms
  2 giant cockroaches
  19 goblins
  11 hobgoblins
  4 jackals (D:2)
  8 quokkas
  3 frilled lizards (D:1)
  A goblin zombie (D:8)
  5 hobgoblin zombies (D:8)
  28 kobolds
  A kobold zombie (D:8)
  An orc zombie (D:8)
  6 rats
238 creatures vanquished.

Notes
Turn   | Place    | Note
-------+----------+-------------------------------------------
     0 | D:1      | seren the Coglin Gladiator began the quest for the Orb.
     0 | D:1      | Reached XP level 1. HP: 16/16 MP: 1/1
   230 | D:1      | Reached XP level 2. HP: 22/22 MP: 2/2
   438 | D:1      | You fall into a shaft and drop 1 floor!
   467 | D:2      | Identified the amulet "Buupemaq" {+Blink rF++ RegenMP+
                  | Dex+3 Slay+2}
   531 | D:2      | Reached XP level 3. HP: 10/28 MP: 3/3
  1291 | D:2      | Reached XP level 4. HP: 34/34 MP: 4/4
  1617 | D:2      | Reached skill level 1 in Armour
  1970 | D:3      | Noticed Natasha
  1977 | D:3      | Killed Natasha
  1978 | D:3      | Reached XP level 5. HP: 22/39 MP: 5/5
  2069 | D:3      | Reached skill level 4 in Long Blades
  2211 | D:3      | Noticed Grinder
  2223 | D:3      | Paralysed by Grinder for 3 turns
  2230 | D:3      | Killed Grinder
  2231 | D:3      | Reached XP level 6. HP: 44/47 MP: 6/6
  2604 | D:3      | Noticed Robin
  2620 | D:3      | Noticed Natasha
  2683 | D:2      | Killed Robin
  2728 | D:3      | Killed Natasha
  2801 | D:3      | Found an iron altar of Okawaru.
  2801 | D:3      | Found a white marble altar of Elyvilon.
  2903 | D:3      | Noticed Natasha
  2908 | D:3      | Killed Natasha
  2909 | D:3      | Reached skill level 5 in Long Blades
  2909 | D:3      | Reached XP level 7. HP: 52/52 MP: 7/7
  3080 | D:4      | Found Zaepriaza's Armour Shop.
  3394 | D:4      | Noticed Eustachio
  3512 | D:4      | Noticed Martiln's ghost (amateur GrFi)
  3515 | D:4      | Found a runed translucent door.
  3785 | D:5      | Entered Level 5 of the Dungeon
  3836 | D:5      | Found a sacrificial altar of Ru.
  4136 | D:5      | Found a snail-covered altar of Cheibriados.
  4336 | D:5      | Reached XP level 8. HP: 50/60 MP: 8/8
  4519 | D:6      | Found a staircase to the Ecumenical Temple.
  4526 | Temple   | Entered the Ecumenical Temple
  4540 | D:6      | Reached skill level 6 in Long Blades
  4871 | D:6      | Noticed Jeremiah
  5054 | D:6      | Noticed Prince Ribbit
  5078 | D:6      | Killed Prince Ribbit
  5393 | D:6      | Reached skill level 7 in Long Blades
  5400 | D:7      | Reached skill level 1 in Evocations
  5440 | D:7      | Reached XP level 9. HP: 57/67 MP: 9/9
  5532 | D:7      | Found a broken altar of Ashenzari.
  5625 | D:7      | Found a blossoming altar of Fedhas.
  5711 | D:7      | Reached skill level 5 in Fighting
  5833 | D:7      | Found an opulent altar of Gozag.
  5836 | D:7      | Became a worshipper of Gozag Ym Sagoz the Greedy
  5946 | D:4      | Killed Eustachio
  5947 | D:4      | Reached skill level 5 in Dodging
  5957 | D:4      | Bought a +1 scale mail of poison resistance for 169 gold
                  | pieces
  6169 | D:6      | Found a shimmering blue altar of Sif Muna.
  6387 | D:8      | Noticed Pikel
  6589 | D:8      | Found a hide-covered altar of Uskayaw.
  6652 | D:8      | Killed Pikel
  6766 | D:8      | Found a glowing golden altar of the Shining One.
  6837 | D:8      | Reached skill level 5 in Throwing
  6870 | D:8      | Found a glowing silver altar of Zin.
  6880 | D:8      | Noticed Erica
  6888 | D:8      | Killed Erica
  6889 | D:8      | Reached skill level 8 in Long Blades
  6889 | D:8      | Reached skill level 5 in Evocations
  6889 | D:8      | Reached XP level 10. HP: 71/76 MP: 10/10
  6911 | D:8      | Noticed Joseph
  6930 | D:8      | Killed Joseph
  6931 | D:8      | Reached skill level 5 in Armour
  7802 | D:9      | Found a radiant altar of Vehumet.
  7823 | D:9      | Found a burning altar of Makhleb.
  7888 | D:9      | Found a sparkling altar of Nemelex Xobeh.
  7991 | D:9      | Identified the +0 ring mail "Ukiannol" {rCorr}
  8487 | D:10     | Entered Level 10 of the Dungeon
  8487 | D:10     | Noticed a two-headed ogre
  8493 | D:10     | Killed a two-headed ogre
  8701 | D:10     | Reached skill level 9 in Long Blades
  8785 | D:10     | Killed an unseen horror
  8852 | D:10     | Reached XP level 11. HP: 49/83 MP: 11/11
  9100 | D:10     | Found a bloodstained altar of Trog.
  9557 | D:11     | Found a portal to a secret trove of treasure.
  9565 | D:11     | Identified the +6 short sword of Kindness {freeze, rF+ rC+
                  | Will+}
  9608 | D:11     | Found Qutroed's Antique Armour Shoppe.
  9750 | D:11     | Bought a bloodstained leather armour for 231 gold pieces
  9750 | D:11     | Identified the +1 leather armour of Entitlement {Rampage}
                  | (You bought it in a shop on level 11 of the Dungeon)
  9770 | D:11     | Found Vammiu's Armour Shoppe.
  9770 | D:11     | Found a staircase to the Orcish Mines.
  9901 | D:11     | Noticed a manticore
  9915 | D:11     | Killed a manticore
 10036 | D:11     | HP: 3/84 [yak (4)]
 10038 | D:10     | Slain by a wraith

Illustrated notes

Levels and vault maps discovered:
D:1:      dpeg_arrival_round_a, layout_loops_ring, st_stairs_2,
          lexackson_kobold_supper
D:2:      layout_loops_ring
D:3:      layout_loops_corners, gammafunk_temple_overflow_elements,
          glass_columns_a, saegor_snake_ambush, uniq_natasha, uniq_grinder,
          uniq_robin
D:4:      layout_loops_ring, serial_shops, shop, hellmonk_ghost_happy_afterlife,
          uniq_eustachio
D:5:      layout_loops_ring, nicolae_ru_awakened_eye,
          mainiacjoe_overflow_concentric_impassable, minmay_parallelograms,
          chequers_decorated_corner
D:6:      layout_cave_pods, nicolae_sif_muna_little_library,
          minmay_temple_entry_wispy, nrook_mini_vaults, uniq_prince_ribbit1,
          uniq_jeremiah
D:7:      layout_rooms, fedhas_altar_2, mainiacjoe_overflow_paths,
          kennysheep_mini_moat
D:8:      layout_basic, nicolae_overflow_crystal_walls, kennysheep_little_box,
          nicolae_tso_besieged_by_evil, uniq_pikel, uniq_joseph, uniq_erica
D:9:      corexii_shack_village, layout_cave_pools, amcnicky_altar_gilded,
          lemuel_crystal_altar, mainiacjoe_overflow_tiny_flanked
D:10:     layout_loops_cross, kennysheep_mini, enter_bailey_2
D:11:     layout_cave_pools, david_lair_shrubbed, orc_david_3, serial_shops,
          nicolae_shop_overgrown_old_shop, nicolae_trove_entry_free_sample
Temple:   corrupted_temple

Skill      XL: |  1  2  3  4  5  6  7  8  9 10 11 |
---------------+----------------------------------+-----
Throwing       | 2 3 4 5 6 |  6.0
Dodging        | 3 4 5 6 7 |  7.1
Armour         | 1 2 3 4 6 |  6.6
Long Blades    | 4 5 7 8 9 |  9.5
Fighting       | 3 4 5 6 7 |  7.4
Evocations     | 1 5 6 7 |  7.1

Action                     |  1- 3 |  4- 6 |  7- 9 | 10-12 || total
---------------------------+-------+-------+-------+-------++-------
  Melee: Long sword        |    93 |    77 |   238 |       ||   408
         Dagger            |    84 |    80 |   234 |   173 ||   571
         Scimitar          |       |       |       |   220 ||   220
         Short sword       |       |       |       |    37 ||    37
  Throw: Throwing net      |       |     1 |     1 |     1 ||     3
         Dart              |       |       |    13 |       ||    13
  Evoke: Wand              |       |       |       |     3 ||     3
    Use: Scroll            |       |       |     8 |     9 ||    17
         Potion            |       |       |       |     1 ||     1
   Stab: Held in net/web   |       |       |     2 |     2 ||     4
         Distracted        |       |       |       |     3 ||     3
         Invisible         |       |       |       |     2 ||     2
 Armour: Leather armour    |    60 |       |       |       ||    60
         Ring mail         |     1 |    45 |   110 |       ||   156
         Scale mail        |       |       |    27 |   184 ||   211
         Skin              |       |       |       |    19 ||    19
  Dodge: Dodged            |    49 |    63 |   122 |   155 ||   389

Table legend: (Time is in decaauts)
 A = Elapsed time spent in this place.
 B = Non-inter-level travel time spent in this place.
 C = Inter-level travel time spent in this place.
 D = Time resting spent in this place.
 E = Time spent auto-exploring this place.
 F = Levels seen in this place.
 G = Mean time per level.
                   A        B        C        D        E       F      G
               +--------+--------+--------+--------+--------+-----+--------+
         Total |  10036 |   9636 |    400 |    943 |   5794 |  12 |  836.3 |
       Dungeon |  10034 |   9634 |    400 |    943 |   5794 |  11 |  912.2 |
        Temple |      1 |      1 |      0 |      0 |      0 |   1 |    1.0 |
               +--------+--------+--------+--------+--------+-----+--------+

Top non-repeatable levels by time:
     D:8: 1424 daAuts
     D:3: 1295 daAuts
     D:6: 1086 daAuts
     D:1: 1032 daAuts
    D:10: 976 daAuts
     D:2: 783 daAuts
     D:4: 757 daAuts
     D:5: 752 daAuts
     D:9: 702 daAuts
     D:7: 663 daAuts
    D:11: 560 daAuts
  Temple: 1 daAuts
